 Dungeon Crawl Stone Soup version 0.32-a0-818-gb728d0252e (webtiles) character file.

Game seed: 447548217774950317

5 Ajdolov the Chopper (level 1, 0/17 HPs)
             Began as an Armataur Wanderer on Mar 24, 2024.
             Slain by a kobold
             ... wielding a +0 club
              (1 damage)
             ... on level 1 of the Dungeon.
             The game lasted 00:00:26 (107 turns).

Ajdolov the Chopper (Armataur Wanderer)              Turns: 107, Time: 00:00:26

Health: 0/17       AC:  5    Str: 18    XL:     1   Next: 66%
Magic:  2/2        EV:  8    Int: 12    God:
Gold:   8          SH:  0    Dex:  8    Spells: 1/2 levels left

rFire   . . .        a - +2 hand axe
rCold   . . .        (no shield)
rNeg    . . .        d - +0 leather armour
rPois   .            (no helmet)
rElec   .            b - +0 cloak
rCorr   .            (no gloves)
SInv    .            (no barding)
Will    .....        (no amulet)
Stlth   +            (no ring)
HPRegen 0.22/turn    (no ring)
MPRegen 0.08/turn

%: roll
@: no status effects
A: large, deformed body, tough skin 3, armoured tail, rollpage 1
a: no special abilities


You were on level 1 of the Dungeon.
You visited 1 branch of the dungeon, and saw 1 of its levels.

You collected 8 gold pieces.

Inventory:

Hand Weapons
 a - a +2 hand axe (weapon)
Armour
 b - a +0 cloak (worn)
 d - a +0 leather armour (worn)
Scrolls
 c - a scroll of blinking


   Skills:
 + Level 1.6 Fighting
 - Level 3.2 Axes
 - Level 1.2 Armour
 - Level 2.1 Stealth
 - Level 1.0 Spellcasting
 - Level 1.0 Ice Magic


You had one spell level left.
You knew the following spells:

 Your Spells              Type           Power      Damage    Failure   Level
a - Freeze                Ice            12%        1d3       24%         1

Your spell library contained the following spells:

 Spells                   Type           Power      Damage    Failure   Level
 Ozocubu's Armour         Ice            3%         N/A       56%         3


Dungeon Overview and Level Annotations

Branches:
Dungeon (1/15)

Altars:


Innate Abilities, Weirdness & Mutations

Armour fits poorly on your strangely shaped body.
You have extremely tough skin. (AC +3)
You have a long armoured tail.
You regenerate magic when rolling toward enemies. (Rampage MPRegen)


Message History

Unknown command.
You hit the kobold.
The kobold is moderately wounded.
You closely miss the quokka.
The quokka bites you but does no damage.
The kobold hits you but does no damage. The quokka bites you.
You hit the kobold.
The kobold is severely wounded.
You hit the quokka but do no damage. The kobold hits you with a +0 whip.
The quokka bites you but does no damage.
Unknown command.
You are too injured to fight recklessly!
Unknown command.
You hit the quokka.
The quokka is severely wounded.
You barely miss the kobold. You closely miss the kobold.
The quokka bites you but does no damage.
The kobold hits you with a +0 club. The kobold closely misses you.
Unknown command.
You barely miss the quokka.
The quokka is severely wounded.
You closely miss the kobold. You barely miss the kobold.
The quokka barely misses you.
The kobold hits you but does no damage. x2
The quokka bites you.
You barely miss the quokka.
The quokka is severely wounded.
You barely miss the kobold. You hit the kobold but do no damage.
A bat comes into view.
The kobold misses you. The kobold closely misses you. The quokka bites you.
* * * LOW HITPOINT WARNING * * *
A jackal comes into view.
The bat moves out of view.
The jackal barks!
You hit the quokka.
You kill the quokka!
You hit the kobold. You hit the kobold but do no damage.
The kobold hits you with a +0 whip.
* * * LOW HITPOINT WARNING * * *
The kobold hits you with a +0 club.
You die...

##############
#.......)....#
#.##########.#### #.#
#.##.. ########.######
###.....
..............#
#.......
...###..#.###.......†.#
#@..## ##.#.######
......K.K.# # #. #
..........# #. #
.........#.# # ###
b.......###.. #..
h.......# #.# #.#
#...###.# .# #.# #...
#.# . #.# #>#


You could see a jackal, a bat (wandering) and 2 kobolds.

Vanquished Creatures
  An endoplasm (D:1)
  2 hobgoblins (D:1)
  A quokka (D:1)
  A kobold (D:1)
  A rat (D:1)
6 creatures vanquished.

Notes
Turn   | Place    | Note
-------+----------+-------------------------------------------
     0 | D:1      | Ajdolov the Armataur Wanderer began the quest for the Orb.
     0 | D:1      | Ajdolov set off with the following items: a +2 hand axe, a
                  | +0 cloak, a scroll of blinking, a +0 leather armour; and
                  | the following spell memorised: Freeze; and the following
                  | spells available to memorise: Ozocubu's Armour.
     0 | D:1      | Reached XP level 1. HP: 16/16 MP: 2/2
   107 | D:1      | Slain by a kobold

Illustrated notes

Levels and vault maps discovered:
D:1:      dpeg_arrival_connections, layout_loops_ring, serial_park_tiny_1

Action                     || total
---------------------------++-------
  Melee: Hand axe          ||    17
         Tailslap          ||     2
   Stab: Sleeping          ||     1
 Armour: Leather armour    ||    16
  Dodge: Dodged            ||     8

Table legend: (Time is in decaauts)
 A = Elapsed time spent in this place.
 B = Non-inter-level travel time spent in this place.
 C = Inter-level travel time spent in this place.
 D = Time resting spent in this place.
 E = Time spent auto-exploring this place.
 F = Levels seen in this place.
 G = Mean time per level.
                   A        B        C        D        E       F      G
               +--------+--------+--------+--------+--------+-----+--------+
         Total |    108 |    108 |      0 |      0 |     71 |   1 |  108.0 |
       Dungeon |    108 |    108 |      0 |      0 |     71 |   1 |  108.0 |
               +--------+--------+--------+--------+--------+-----+--------+

Top non-repeatable levels by time:
     D:1: 108 daAuts
